 Dungeon Crawl Stone Soup version 0.28-a0-1485-g077359a4bf (webtiles) character file.

Game seed: 6480712345230425447

34 funkygono the Skirmisher (level 3, -5/29 HPs)
             Began as a Human Cinder Acolyte on Jan 11, 2022.
             Was a High Priest of Ignis.
             Killed from afar by Sigmund (7 damage)
             ... with a magic dart
             ... on level 2 of the Dungeon.
             The game lasted 00:02:21 (2320 turns).

funkygono the Skirmisher (Human Cinder Acolyte)     Turns: 2320, Time: 00:02:21

Health: -5/29      AC:  2    Str: 16    XL:     3   Next: 50%
Magic:  2/4        EV: 11    Int: 14    God:    Ignis [*****.]
Gold:   49         SH:  0    Dex:  8    Spells: 2/4 levels left

rFire   + . .      SeeInvis .   a - -1 falchion (flame)
rCold   . . .      Faith    .   (no shield)
rNeg    . . .      Spirit   .   b - +0 robe
rPois   .          Reflect  .   (no helmet)
rElec   .          Harm     .   (no cloak)
rCorr   .          Rampage  .   (no gloves)
Will    .....                   (no boots)
Stlth   +.........              (no amulet)
HPRegen 0.09/turn               (no ring)
MPRegen 0.09/turn               (no ring)

@: confused, attractive
A: no striking features
a: Renounce Religion, Fiery Armour, Foxfire Swarm, Rising Flame


You were on level 2 of the Dungeon.
You worshipped Ignis.
Ignis was extremely pleased with you.
You visited 1 branch of the dungeon, and saw 2 of its levels.

You collected 49 gold pieces.

Inventory:

Hand Weapons
 a - a -1 falchion of flaming (weapon)
Armour
 b - a +0 robe (worn)
 e - a +0 plate armour
Scrolls
 c - a scroll of identify {unknown}
 d - a scroll of enchant armour {unknown}


   Skills:
 + Level 3.6 Fighting
 + Level 3.2 Long Blades
 + Level 0.7 Dodging
 + Level 1.1 Spellcasting
 + Level 3.1 Fire Magic


You had 2 spell levels left.
You knew the following spells:

 Your Spells              Type           Power      Damage    Failure   Level
a - Scorch                Fire           18%        2d5       11%         2

Your spell library contained the following spells:

 Spells                   Type           Power      Damage    Failure   Level


Dungeon Overview and Level Annotations

Branches:
Dungeon (2/15)

Altars:

Annotations:
D:2 Sigmund


Message History

Sigmund hits you from afar with a +0 scythe.
You see here a book of Conjurations.
You bump into the rock wall.
Unknown command.
Sigmund is no longer more vulnerable to fire.
Sigmund casts a spell at you. You resist with significant effort.
You bump into the rock wall.
You feel less confused. Sigmund completely misses you.
You hit Sigmund. You burn Sigmund.
Sigmund is moderately wounded.
Sigmund points at you and mumbles some strange words.
You are confused.
You're too confused to move!
Sigmund barely misses you.
Your magical contamination has completely faded away.
You see here a book of Conjurations.
It was a potion of attraction.
You feel attractive to monsters. Sigmund gestures at you while chanting.
You are more confused.
Sigmund is attracted toward you.
You closely miss Sigmund.
Sigmund is moderately wounded.
Sigmund completely misses you.
You bump into the rock wall.
Sigmund closely misses you.
You bump into the rock wall.
Sigmund hits you with a +0 scythe!
* * * LOW HITPOINT WARNING * * *
You miss Sigmund.
Sigmund is moderately wounded.
You bump into the rock wall.
Sigmund barely misses you.
You're too confused to cast spells.
Okay, then.
You bump into the rock wall.
Sigmund misses you.
You bump into the rock wall.
You closely miss Sigmund.
Sigmund is moderately wounded.
Sigmund points at you and mumbles some strange words.
The magic dart hits you!
You die...

#... #..# #..## ...# ###..##
##....)# #......##
#####.##.#..###### #######
#@#.#.##....#...<# #.....#
###@#.#†####..#†####
#.....########...#......#....#
#......@..@..#.#........##..<#
#.b....##†......###.....##...####
.......# ...... #.....##.......
..<....##....... #.....##.....##
.###...##....... ########...#.#
.....####....... #...#.#


You could see Sigmund.

Vanquished Creatures
  3 bats (D:1)
  3 endoplasms
  A giant cockroach (D:1)
  3 goblins (D:1)
  3 hobgoblins (D:1)
  4 jackals (D:1)
  3 quokkas (D:2)
  3 ball pythons
  A frilled lizard (D:1)
  2 kobolds (D:1)
  5 rats
31 creatures vanquished.

Vanquished Creatures (others)
  A plant (D:1)
1 creature vanquished.

Grand Total: 32 creatures vanquished

Notes
Turn   | Place    | Note
-------+----------+-------------------------------------------
     0 | D:1      | funkygono the Human Cinder Acolyte began the quest for the
                  | Orb.
     0 | D:1      | Reached XP level 1. HP: 18/18 MP: 2/2
   464 | D:1      | Found a faded altar of an unknown god.
   487 | D:1      | Reached XP level 2. HP: 20/24 MP: 3/3
  1174 | D:1      | Reached XP level 3. HP: 26/29 MP: 4/4
  1216 | D:1      | Learned a level 2 spell: Scorch
  1984 | D:2      | Noticed Sigmund
  2315 | D:2      | HP: 1/29 [Sigmund (13)]
  2320 | D:2      | Killed from afar by Sigmund

Illustrated notes

Levels and vault maps discovered:
D:1:      saegor_arrival_simple_d, layout_loops_corners,
          dreamdust_ecumenical_altar_grove, minmay_misc_feat_chi,
          serial_bayou_crossing
D:2:      layout_basic, uniq_sigmund

Action                   || total
-------------------------++-------
Melee: Falchion          ||    71
       Punch             ||     1
 Cast: Scorch            ||    15
  Use: Potion            ||     1
Armor: Robe              ||    16
Dodge: Dodged            ||    38

Table legend: (Time is in decaauts)
 A = Elapsed time spent in this place.
 B = Non-inter-level travel time spent in this place.
 C = Inter-level travel time spent in this place.
 D = Time resting spent in this place.
 E = Time spent auto-exploring this place.
 F = Levels seen in this place.
 G = Mean time per level.
                   A        B        C        D        E       F      G
               +--------+--------+--------+--------+--------+-----+--------+
         Total |   2345 |   2276 |     69 |     61 |   1927 |   2 | 1172.5 |
       Dungeon |   2345 |   2276 |     69 |     61 |   1927 |   2 | 1172.5 |
               +--------+--------+--------+--------+--------+-----+--------+

Top non-repeatable levels by time:
     D:1: 2086 daAuts
     D:2: 259 daAuts
